 Dungeon Crawl Stone Soup version 0.25-a0-474-ga8a2ee3 (webtiles) character file.

Game seed: 11264868084516720433, levelgen mode: deterministic

182 Faca the Poker (level 5, -6/43 HPs)
             Began as a Merfolk Gladiator on Feb 7, 2020.
             Killed by nerve-wracking pain
             ... invoked by an orc priest
              (13 damage)
             ... on level 4 of the Dungeon.
             The game lasted 00:03:44 (1718 turns).

Faca the Poker (Merfolk Gladiator)                  Turns: 1718, Time: 00:03:45

Health: -6/43      AC:  5    Str: 15    XL:     5   Next: 61%
Magic:  5/5        EV: 14    Int:  8    God:
Gold:   108        SH:  0    Dex: 15    Spells: 4/4 levels left

rFire    + + .     SeeInvis .   a - +0 trident
rCold    . . .     Gourm    .   (no shield)
rNeg     . . .     Faith    .   b - +0 leather armour
rPois    .         Spirit   .   c - +0 helmet
rElec    .         Reflect  .   (no cloak)
rCorr    .         Harm     .   q - +0 pair of gloves
MR       .....                  (no boots)
Stlth    +.........             (no amulet)
HPRegen  0.14/turn              n - ring of protection from fire
MPRegen  0.09/turn              s - ring of protection from fire

@: no status effects
A: change form in water, swift swim, stealthy swim
a: no special abilities


You were on level 4 of the Dungeon.
You were not hungry.

You visited 1 branch of the dungeon, and saw 4 of its levels.

You collected 108 gold pieces.

Inventory:

Hand Weapons
 a - a +0 trident (weapon)
Missiles
 d - 3 throwing nets (quivered)
Armour
 b - a +0 leather armour (worn)
 c - a +0 helmet (worn)
 q - a +0 pair of gloves (worn)
Jewellery
 n - a ring of protection from fire (left hand)
 s - a ring of protection from fire (right hand)
Scrolls
 e - 2 scrolls of identify {unknown}
 g - a scroll of enchant armour {unknown}
 h - a scroll of fear {unknown}
 i - a scroll of immolation {unknown}
 j - a scroll of magic mapping {unknown}
 k - a scroll of noise {unknown}
 m - 2 scrolls of amnesia {unknown}
 p - 2 scrolls of teleportation {unknown}
Potions
 l - a potion of might {unknown}
 o - a potion of flight {unknown}
 r - a potion of agility {unknown}
 u - a potion of curing {unknown}
Comestibles
 f - 4 rations
 t - a chunk of flesh


   Skills:
 + Level 4.6 Fighting
 + Level 7.0 Polearms
 - Level 2.0 Throwing
 - Level 4.0 Dodging


You had 4 spell levels left.
You didn't know any spells.
Your spell library was empty.

Dungeon Overview and Level Annotations

Branches:
Dungeon (5/15)
 Temple: D:4-7

Altars:
Cheibriados
Makhleb
Uskayaw
Zin


Message History

The orc priest is almost dead.
The orc hits you but does no damage.
You hit the orc priest but do no damage.
The orc priest is almost dead.
The orc priest hits you but does no damage.
The orc misses you.
Your leather armour prevents you from hitting the orc priest.
The orc priest is almost dead.
The orc priest closely misses you. The orc hits you but does no damage.
You barely miss the orc priest.
The orc priest is almost dead.
The orc priest invokes the aid of Beogh against you.
Beogh smites you!
* * * LOW HITPOINT WARNING * * *
The orc closely misses you.
You barely miss the orc priest.
The orc priest is almost dead.
The orc priest calls down the wrath of Beogh upon you.
Pain shoots through your body!
You die...

## ### #...# #.#..#.# ... ..
#...# # #..#.# ...##.## #...#
#.(....# .....# #...#
#.#<...... ..
#..#####...#####[........#
....#................#.#..#.##
...!..................#.
......
#....##..........?....#.
..#.##
........#####.@.#####... ....#
.....#### #.oo# #.## #...# #
#...# #...# ....# #####


You could see an orc priest and an orc.

Vanquished Creatures
  A hound (D:5)
  A bullfrog skeleton (D:5)
  An orc wizard (D:5)
  A worker ant (D:5)
  A hound skeleton (D:4)
  An adder (D:2)
  2 oozes
  3 dart slugs
  An orc (D:5)
  3 ball pythons
  5 bats
  3 giant cockroaches
  3 goblins
  3 hobgoblins
  2 jackals (D:5)
  5 kobolds
  7 rats
43 creatures vanquished.

Notes
Turn   | Place    | Note
-------+----------+-------------------------------------------
     0 | D:1      | Faca the Merfolk Gladiator began the quest for the Orb.
     0 | D:1      | Reached XP level 1. HP: 16/16 MP: 1/1
   105 | D:1      | Reached XP level 2. HP: 20/23 MP: 2/2
   243 | D:1      | Reached skill level 5 in Polearms
   498 | D:1      | Reached XP level 3. HP: 29/29 MP: 3/3
  1199 | D:2      | You fall into a shaft and drop 2 floors!
  1199 | D:4      | Found a snail-covered altar of Cheibriados.
  1199 | D:4      | Found a burning altar of Makhleb.
  1199 | D:4      | Found a hide-covered altar of Uskayaw.
  1199 | D:4      | Found a glowing silver altar of Zin.
  1231 | D:4      | You fall into a shaft and drop 1 floor!
  1231 | D:5      | Entered Level 5 of the Dungeon
  1250 | D:5      | Reached skill level 6 in Polearms
  1250 | D:5      | Reached XP level 4. HP: 28/37 MP: 4/4
  1498 | D:5      | Reached XP level 5. HP: 33/42 MP: 5/5
  1664 | D:4      | Reached skill level 7 in Polearms
  1718 | D:4      | Killed from afar by an orc priest

Levels and vault maps discovered:
D:1:      psy_arrival_whirlpool, layout_basic, minmay_statues_item
D:2:      minmay_angry_zag, layout_loops_corners,
          chequers_ecumenical_altar_island
D:4:      layout_loops_cross, lemuel_coloured_pillars_altar,
          chequers_temple_overflow_statue_of_worship, uniq_grinder
D:5:      layout_loops_ring, first_ration, goddamned_bats

Skill      XL: |  1  2  3  4  5 |
---------------+----------------+-----
Polearms       | 5 6 7 |  7.0
Fighting       | 3 4 |  4.6
Throwing       | |  2.0
Dodging        | |  4.0

Action                   |  1- 3 |  4- 6 || total
-------------------------+-------+-------++-------
Melee: Trident           |    93 |    69 ||   162
 Stab: Sleeping          |       |     1 ||     1
  Eat: Chunk             |     1 |     2 ||     3
Armor: Leather armour    |    21 |    17 ||    38
Dodge: Dodged            |    43 |    40 ||    83

Table legend:
 A = Non-vault XP
 B = Vault XP
 C = Vault XP percentage of total XP
 D = Non-vault monster count
 E = Vault monster count
 F = Vault count percentage of total count
                 A         B        C        D         E       F
            +---------+---------+-------+---------+---------+-------
      Total |     235 |      25 |   9.6 |      39 |       4 |   9.3
            +---------+---------+-------+---------+---------+-------
        D:1 |      38 |       0 |   0.0 |      22 |       0 |   0.0
        D:2 |       6 |      25 |  80.6 |       5 |       4 |  44.4
        D:4 |      30 |       0 |   0.0 |       3 |       0 |   0.0
        D:5 |     161 |       0 |   0.0 |       9 |       0 |   0.0
            +---------+---------+-------+---------+---------+-------
